[Event "*** Titled Tuesday Blitz"]
[Site "Chess.com"]
[Date "2021.02.16"]
[Round "9"]
[White "ErikRonka"]
[Black "mikolka1985"]
[Result "1/2-1/2"]
[WhiteElo "2498"]
[BlackElo "2616"]
[TimeControl "180+1"]
[EndTime "11:49:50 PST"]
[Termination "Game drawn by repetition"]

1. e4 e5 2. Nc3 Nf6 3. Bc4 Nc6 4. d3 Na5 5. Bb3 Bc5 6. f4 d6 7. Nf3 Nxb3 8. axb3 O-O 9. Na4 Bb4+ 10. c3 Ba5 11. b4 Bb6 12. Nxb6 cxb6 13. fxe5 dxe5 14. Nxe5 Re8 15. Nf3 Bg4 16. O-O Qc7 17. Qc2 h6 18. Nd4 Nh7 19. Bf4 Qd7 20. Qf2 Nf8 21. h3 Bh5 22. Qg3 Bg6 23. Rad1 a5 24. bxa5 Rxa5 25. Nf3 Ra2 26. Rd2 Rea8 27. Ne5 Qb5 28. Qf2 Ra1 29. Rxa1 Rxa1+ 30. Kh2 f6 31. Nxg6 Nxg6 32. Bg3 Rb1 33. c4 Qa4 34. Qxb6 Qa1 35. Qd8+ Kh7 36. Bd6 Rh1+ 37.
Kg3 Qe1+ 38. Rf2 Qe3+ 39. Rf3 Qe1+ 40. Rf2 h5 41. Bc5 h4+ 42. Kg4 Qd1+ 43. Kf5 Qh5+ 44.
Ke6 Rd1 45. d4 Ne5 46. Qe7 Nxc4 47. Qf7 Qxf7+ 48. Kxf7 b6 49. b3 bxc5 50. bxc4 Rxd4 51. Re2 Rxc4 52. e5 fxe5 53. Rxe5 Rf4+ 54. Ke6 c4 55.
Rh5+ Kg6 56. Rc5 Kh6 57. Ke5 g5 58. Rc6+ Kg7 59. Kd5 Kf7 60. Rxc4 Rf2 61. Rg4 Kf6 62. Ke4 Kg6 63. Ke3 Ra2 64. g3 Ra3+ 65. Kf2 Ra2+ 66.
Kf3 Ra3+ 67. Kf2 hxg3+ 68. Rxg3 Ra2+ 69. Kf3 Kf5 70. Rg4 Ra3+ 71. Kg2 Ra2+ 72. Kg3 Rb2 73. Rc4 Rb3+ 74. Kg2 Rb2+ 75. Kg3 Rb3+ 76. Kg2 Rb2+ 77. Kg3 1/2-1/2

[Event "*** Titled Tuesday Blitz"]
[Site "Chess.com"]
[Date "2021.02.16"]
[Round "9"]
[White "lachesisQ"]
[Black "amintabatabaei"]
[Result "1-0"]
[WhiteElo "3055"]
[BlackElo "2922"]
[TimeControl "180+1"]
[EndTime "11:49:51 PST"]
[Termination "lachesisQ won by resignation"]

1. d4 Nf6 2. c4 e6 3. Nc3 Bb4 4. f3 c5 5. d5 b5 6. e4 d6 7. Bd2 a6 8. dxe6 Bxe6 9. cxb5 O-O 10. a3 Ba5 11. Nge2 axb5 12. Nf4 Bc4 13. Bxc4 bxc4 14. O-O Nc6 15. Nce2 Rb8 16. Bc3 Bxc3 17. bxc3 Ne5 18. Qd2 Rb6 19. Rfb1 Qc7 20. Rxb6 Qxb6 21. a4 Ra8 22. h4 h6 23. Ng3 Nd3 24. Nxd3 cxd3 25. Qxd3 d5 26. Kh1 c4 27. Qe2 dxe4 28. Nxe4 Nxe4 29.
Qxe4 Rc8 30. Rb1 Qa5 31. Rb4 Qc5 32. Rb7 Rd8 33. Kh2 Qd6+ 34. Kh3 Qf6 35. Qxc4 Rd1 36. Rb8+ Kh7 37. Qe4+ g6 38. Rb1 Rxb1 39. Qxb1 Qxc3 40.
Qa2 Qc8+ 41. Kh2 Qc7+ 42. g3 Qb7 43. Kg2 Kg8 44. a5 Qa6 45. Qd2 h5 46. Kf2 Qa7+ 47. Kg2 Qa6 48. Qd8+ Kg7 49. Kf2 Qc4 50. Qd2 Qa6 51. Qd4+ Kg8 52. Qd8+ Kg7 53. Ke3 Qb5 54. Qd4+ Kg8 55. Qc3 Kh7 56. Kd2 Qd5+ 57. Kc1 Qb5 58. g4 Qf1+ 59. Kb2 Qb5+ 60. Ka3 hxg4 61. fxg4 Qe2 62.
Qb3 Kg8 63. Qb8+ Kh7 64. Qb3 Kg8 65. g5 Qa6 66. Qd5 Qf1 67. Kb4 Qb1+ 68. Kc5 Qc1+ 69.
Kd6 Qf4+ 70. Kc6 Qc1+ 71. Qc5 Qh1+ 72. Kc7 Qa8 73. Qb6 Qe4 74. a6 Qe7+ 75. Kb8 Qe8+ 76.
Kb7 Qd7+ 77. Qc7 Qd5+ 78. Kb8 Qb5+ 79. Qb7 Qe8+ 80. Qc8 1-0

[Event "*** Titled Tuesday Blitz"]
[Site "Chess.com"]
[Date "2021.02.16"]
[Round "9"]
[White "VFernandezB"]
[Black "Ranindu2003"]
[Result "1-0"]
[WhiteElo "2450"]
[BlackElo "2566"]
[TimeControl "180+1"]
[EndTime "11:49:55 PST"]
[Termination "VFernandezB won on time"]

1. e4 c5 2. Nf3 d6 3. d4 cxd4 4. Nxd4 Nf6 5. Nc3 a6 6. Bg5 e6 7. f4 Nbd7 8. Qe2 Qc7 9. O-O-O Be7 10. g3 b5 11. Bg2 Bb7 12. Rhe1 h6 13. Bh4 Rc8 14.
e5 dxe5 15. Bxb7 Qxb7 16. fxe5 Ng8 17. Bxe7 Nxe7 18. Ne4 O-O 19. Nd6 Qc7 20. Nxc8 Rxc8 21. Kb1 Nd5 22. Nb3 N7b6 23. h4 Nc4 24. Rd3 a5 25. Nd4 Qc5 26. Nb3 Qb6 27. Rxd5 exd5 28. e6 fxe6 29. Qxe6+ Qxe6 30. Rxe6 a4 31. Nd4 b4 32. b3 Nd2+ 33. Kc1 Ne4 34. bxa4 Nc3 35. a5 Nxa2+ 36. Kb2 Nc3 37. a6 Na4+ 38. Ka2 Nc5 39. Rd6 Ra8 40. Rxd5 Rxa6+ 41. Kb2 Na4+ 42. Kb3 Nc3 43.
Rd8+ Kh7 44. Kxb4 Ne4 45. g4 Rb6+ 46. Kc4 Rb2 47. Kd3 Nc5+ 48. Kc3 Na4+ 49. Kd2 Nc5 50. Nf5 Rb4 51. Rd4 Rb6 52. Rd5 Ne4+ 53. Ke3 Nf6 54. Rd4 Rc6 55. c4 Rc5 56. Kf4 Kg6 57. h5+ Kf7 58. Ne3 Ke6 59. Rd8 Ke7 60. Rd4 Ke6 61.
Nd5 Nd7 62. Re4+ Kd6 63. Ne7 Nf6 64. Nf5+ Kc7 65. Re7+ Kb6 66. Rxg7 Rxc4+ 67. Ke5 Nxg4+ 68. Kd5 Rc5+ 69. Ke6 Nf2 70. Rg6 Nd3 71. Rxh6 Nf4+ 72. Kf7+ Kb5 73. Nd6+ 1-0

[Event "*** Titled Tuesday Blitz"]
[Site "Chess.com"]
[Date "2021.02.16"]
[Round "9"]
[White "rychessmaster1"]
[Black "politeplayer"]
[Result "1/2-1/2"]
[WhiteElo "2537"]
[BlackElo "2254"]
[TimeControl "180+1"]
[EndTime "11:49:57 PST"]
[Termination "Game drawn by repetition"]

1. d4 Nf6 2. Nc3 d5 3. Bf4 a6 4. e3 c5 5. dxc5 Nc6 6. Nf3 e6 7. Na4 Bxc5 8. Nxc5 Qa5+ 9. c3 Qxc5 10. Bd3 O-O 11. O-O Qe7 12. Bc2 h6 13. Ne5 Nxe5 14.
Bxe5 Nd7 15. Qd3 f5 16. Bg3 Nc5 17. Qd4 Bd7 18. f3 Rac8 19. Rad1 Bb5 20. Rfe1 Nd7 21. e4 fxe4 22. fxe4 Rc4 23. Qd2 Nf6 24. exd5 Qc5+ 25. Qf2 Qxf2+ 26. Bxf2 exd5 27. Bb3 Rf4 28. Bg3 Rf5 29.
Rd4 Ne4 30. c4 Nxg3 31. hxg3 Bxc4 32. Bxc4 dxc4 33. Rxc4 Rb5 34. b3 Rd5 35. Rc2 Rf7 36.
Re8+ Kh7 37. Re4 Rfd7 38. Rce2 Rd2 39. Kf2 Rxe2+ 40. Kxe2 Rd5 41. a4 Rg5 42. Kf3 b5 43. Re6 bxa4 44. bxa4 Ra5 45. Re4 Kg6 46. g4 Kf6 47.
Kf4 g5+ 48. Kf3 Rc5 49. Rb4 Rc3+ 50. Ke2 Rc2+ 51. Kf3 Rc3+ 52. Kf2 Rc2+ 53. Kg3 Rc3+ 54. Kh2 a5 55. Rb5 Rc4 56. Rxa5 Rxg4 57. Ra6+ Kf5 58.
a5 Rh4+ 59. Kg3 h5 60. Ra8 Rg4+ 61. Kf2 Ra4 62. a6 Kg4 63. a7 Ra2+ 64. Ke3 Ra3+ 65. Ke4 Kg3 66. Kf5 g4 67. Kg5 Ra5+ 68. Kh6 h4 69.
Kg6 Ra6+ 70. Kf5 Ra5+ 71. Ke4 Ra4+ 72. Ke3 Ra3+ 73. Ke4 Ra4+ 74. Ke3 Ra3+ 75. Ke4 Ra4+ 1/2-1/2

[Event "*** Titled Tuesday Blitz"]
[Site "Chess.com"]
[Date "2021.02.16"]
[Round "9"]
[White "Fiona"]
[Black "Aya5ian"]
[Result "1-0"]
[WhiteElo "2141"]
[BlackElo "2264"]
[TimeControl "180+1"]
[EndTime "11:49:58 PST"]
[Termination "Fiona won by resignation"]

1. e4 c6 2. Ne2 d5 3. e5 Bf5 4. Ng3 Bg6 5. e6 Qd6 6. exf7+ Bxf7 7. d4 Nf6 8. Bd3 e5 9. dxe5 Qxe5+ 10. Be2 Be7 11. O-O O-O 12. Nd2 Bg6 13. Nf3 Qd6 14. c3 Nbd7 15. Bd3 Ne4 16. Bxe4 dxe4 17. Qxd6 Bxd6 18. Ng5 Rae8 19. Be3 h6 20. Nh3 Ne5 21.
Rad1 Nd3 22. Rd2 Bc7 23. Kh1 c5 24. Ng1 c4 25. N1e2 a6 26. Nd4 b5 27. Kg1 Rf6 28. Nge2 Ref8 29. Nc1 Be5 30. f3 Nxc1 31. Rxc1 exf3 32.
Nxf3 Bd3 33. Rcd1 Bf4 34. Bxf4 Rxf4 35. Rf2 g5 36. Rdd2 Re8 37. h3 Kg7 38. Nd4 Re1+ 39. Kh2 Rxf2 40. Rxf2 Ra1 41. a3 Rb1 42. Kg3 Re1 43. Nc6 Re3+ 44. Kh2 Re6 45. Nd4 Rf6 46. Kg3 Rxf2 47. Kxf2 Kf6 48. g3 Ke5 49. Ke3 Bf1 50. Nf3+ Kf6 51. h4 gxh4 52. Nxh4 Kg5 53. Kf2 Bd3 54.
Nf3+ Kg4 55. Ne5+ Kh3 56. Nc6 a5 57. Nxa5 h5 58. Nb7 Be4 59. Nd6 Bc6 60. Nf7 h4 61. gxh4 Kxh4 62. Ke3 Be8 63. Ne5 Kg5 64. Nf3+ Kf5 65.
Kd4 Kf4 66. Nd2 Kg3 67. b3 Kf2 68. bxc4 bxc4 69. Nxc4 Ke2 70. Nd6 Bc6 71. Kc5 Ba4 72.
Kb4 Bd7 73. a4 Kd3 74. a5 Ke3 75. a6 Bc6 76. Kc5 Ba8 77. Nb5 Kd3 78. c4 Ke4 79. Nc7 Bc6 80. a7 Ba8 81. Nxa8 Kd3 82. Nb6 1-0

[Event "*** Titled Tuesday Blitz"]
[Site "Chess.com"]
[Date "2021.02.16"]
[Round "9"]
[White "platy3"]
[Black "sara_khm"]
[Result "0-1"]
[WhiteElo "2836"]
[BlackElo "2674"]
[TimeControl "180+1"]
[EndTime "11:50:07 PST"]
[Termination "sara_khm won by resignation"]

1. d4 Nf6 2. c4 e6 3. g3 c5 4. Nf3 cxd4 5. Nxd4 d5 6. Bg2 e5 7. Nf3 e4 8. Nd4 dxc4 9. O-O Bc5 10. Qa4+ Nbd7 11.
Qxc4 O-O 12. Nc3 Re8 13. Rd1 a6 14. Bg5 b5 15. Qb3 Bb7 16. Nf5 Qb6 17. e3 Re5 18.
Bxf6 Nxf6 19. Nd4 h5 20. a4 b4 21. a5 Qa7 22. Na4 Bf8 23. Nb6 Rae8 24. Rdc1 Bc5 25. Rc4 h4 26. Rac1 Bd6 27. Nc8 Bxc8 28. Rxc8 hxg3 29.
hxg3 Rxc8 30. Rxc8+ Kh7 31. Nc6 Qd7 32. Nxe5 Qxc8 33. Nxf7 Qc1+ 34. Bf1 Bc7 35. Qc4 Qxc4 36. Bxc4 Bxa5 37. Bxa6 Bc7 38. Ng5+ Kg6 39. Ne6 Be5 40. b3 Kf5 41. Bc8 Kg6 42. Bb7 Bd6 43. Kf1 Kh6 44. Nd4 g6 45. Kg2 Be5 46. Nc6 Bd6 47. Na5 Kg5 48. Nc4 Bc7 49. Nd2 Kf5 50. Kh3 Be5 51.
g4+ Ke6 52. Nxe4 Nxe4 53. Bxe4 g5 54. Kg2 Bc3 55. Kf3 Ke5 56. Bb7 Bb2 57. Ke2 Bc3 58. Kd3 Bb2 59. Bg2 Bc3 60. Bf1 Be1 61. Ke2 Bc3 62. Kf3 Be1 63. Kg3 Ke4 64. Bg2+ Kd3 65.
Bd5 Ke2 66. e4 Bxf2+ 67. Kg2 Bd4 68. Bc4+ Kd2 69. Bd5 Ke3 70. Kf1 Kf3 71. e5+ Kxg4 72. e6 Bc5 73. Ke2 Kf4 74. Kd3 g4 75. Kc4 Be7 76. Kb5 g3 77. Kc6 Ke5 78. Kd7 Kxd5 79.
Kxe7 g2 80. Kd7 g1=Q 81. e7 Qg4+ 82. Kd8 Qg8+ 83. e8=Q Qxe8+ 84. Kxe8 Kd4 0-1

[Event "*** Titled Tuesday Blitz"]
[Site "Chess.com"]
[Date "2021.02.16"]
[Round "9"]
[White "Oglob71"]
[Black "Faqade"]
[Result "0-1"]
[WhiteElo "2439"]
[BlackElo "2698"]
[TimeControl "180+1"]
[EndTime "11:50:08 PST"]
[Termination "Faqade won by checkmate"]

1. d4 Nf6 2. Nf3 g6 3. c4 Bg7 4. Nc3 O-O 5. Bg5 d6 6. e3 Bf5 7. Nd2 h6 8. Bh4 e5 9. d5 a5 10. Be2 Na6 11. g4 Bd7 12. e4 Qe8 13. f3 Nh7 14.
Bf2 f5 15. h3 Nc5 16. Qc2 b6 17. Be3 Bf6 18. Bxh6 Bh4+ 19. Kd1 f4 20. Nb3 Rf6 21. g5 Nxg5 22. Bxg5 Bxg5 23. h4 Bh6 24. Nxc5 bxc5 25. Kd2 Kh7 26. Rag1 Qe7 27. Kc1 Rg8 28. Bd1 Rf7 29.
Qh2 Rfg7 30. Ba4 Bc8 31. Bb5 Qf6 32. Kc2 g5 33. hxg5 Rxg5 34. Rxg5 Rxg5 35. Rg1 Qg6 36. Rxg5 Qxg5 37. Kb3 Kg7 38. Ka4 Bg4 39. Qg2 Bh5 40.
Qh3 Kh7 41. Bd7 Bf7 42. Bg4 Qd8 43. Bf5+ Kg7 44. Nb5 Be8 45. Qg4+ Bg5 46. Kb3 a4+ 47. Kxa4 c6 48. dxc6 Bxc6 49. Kb3 Qf6 50. Qh5 Qh6 51. Qxh6+ Kxh6 52. Nxd6 Be7 53. Nb5 Kg5 54. Bg4 Bxe4 55. Nc3 Bc6 56. a4 Bd8 57. Kc2 e4 58. Kd2 exf3 59.
Ke1 Kxg4 60. Kf2 Bh4+ 61. Kf1 Bf6 62. Nd5 Bxb2 63. a5 Ba4 64. a6 Bc6 65. a7 Kf5 66.
Nb6 Bd4 67. a8=Q Bxa8 68. Nxa8 Ke4 69. Nb6 Kd3 70. Ke1 Kc3 71. Kf1 Kd2 72. Nd7 Kd3 73. Nb6 f2 74. Nd5 Kxc4 75. Nxf4 Kb3 76. Ke2 c4 77. Nd5 c3 78. Nxc3 Kxc3 79. Kf1 Kd2 80. Kg2 Ke2 81. Kh2 f1=Q 82. Kg3 Qf5 83. Kh4 Qg6 84.
Kh3 Kf3 85. Kh2 Qh6# 0-1

[Event "*** Titled Tuesday Blitz"]
[Site "Chess.com"]
[Date "2021.02.16"]
[Round "9"]
[White "Euge_chess"]
[Black "Ze-Pequeno"]
[Result "0-1"]
[WhiteElo "2108"]
[BlackElo "2281"]
[TimeControl "180+1"]
[EndTime "11:50:09 PST"]
[Termination "Ze-Pequeno won on time"]

1. e4 c5 2. c3 Nf6 3. e5 Nd5 4. g3 d6 5. exd6 e6 6. Bg2 Bxd6 7. Nf3 O-O 8. O-O Nc6 9. d4 cxd4 10. Nxd4 Nxd4 11.
Qxd4 Qc7 12. Nd2 Bd7 13. Ne4 Be5 14. Qd1 Bb5 15. Re1 Rfd8 16. Bd2 Bc6 17. Rc1 Nb6 18.
Qe2 h6 19. f4 Bd6 20. Nxd6 Rxd6 21. Be3 Rad8 22. Rcd1 Bxg2 23. Rxd6 Rxd6 24. Qxg2 Nc4 25. Bd4 Rd5 26. b3 Nd6 27. Be5 Qc5+ 28. Bd4 Qc6 29.
Qe2 Nb5 30. Qc4 Nxd4 31. cxd4 Qd7 32. Rd1 g6 33. Kf2 h5 34. Ke3 Kg7 35. Rc1 Qe7 36. Qc7 Rd7 37. Qe5+ Qf6 38. Qxf6+ Kxf6 39. Ke4 a6 40. h4 Ke7 41. Rc5 Kd6 42. b4 b6 43.
Rc8 Rb7 44. a4 b5 45. a5 Rc7 46. Rxc7 Kxc7 47. Ke5 Kd7 48. Kf6 Kd6 49. Kg7 Kd5 50.
Kxf7 Kxd4 51. Kxe6 Kc4 52. Kf6 Kxb4 53. Kxg6 Kxa5 54.
f5 b4 55. f6 b3 56. Kg7 b2 57. f7 b1=Q 58. f8=Q Qb5 59. Qf6 Kb4 60. Qg5 a5 61. Kh6 a4 62. Qd2+ Kb3 63. Qd1+ Kb2 64. Qd2+ Kb3 65. Qe3+ Kc4 66. Qe2+ Kb4 67. Qxh5 a3 68.
Qxb5+ Kxb5 69. h5 a2 70. Kg6 a1=Q 71. h6 Qh8 72. g4 Kc6 73. g5 Qg8+ 74. Kh5 Kd6 75. g6 Ke6 76. Kg4 Kf6 77. g7 Kg6 78. Kh4 Kxh6 0-1

[Event "*** Titled Tuesday Blitz"]
[Site "Chess.com"]
[Date "2021.02.16"]
[Round "9"]
[White "Pogosian_Manvel"]
[Black "KonstantinB_1983"]
[Result "1/2-1/2"]
[WhiteElo "2407"]
[BlackElo "2533"]
[TimeControl "180+1"]
[EndTime "11:50:10 PST"]
[Termination "Game drawn by repetition"]

1. Nf3 Nf6 2. g3 d6 3. Bg2 e5 4.
O-O Be7 5. d3 Nbd7 6. b3 c6 7.
Bb2 O-O 8. e4 Re8 9. Nbd2 Bf8 10. d4 Qc7 11. c4 exd4 12. Nxd4 Nc5 13. Qc2 a5 14. h3 Bd7 15. Rad1 Rad8 16. f4 Bc8 17. Rfe1 Nfd7 18. Kh2 Nb8 19. a3 Qb6 20. Bc3 Nba6 21. Qb2 Nd3 22. Qc2 Nxe1 23. Rxe1 d5 24. e5 c5 25. Nb5 Bd7 26. a4 d4 27. Bb2 Nb4 28. Qb1 Bc6 29. Ne4 d3 30. Bc3 Nc2 31. Rg1 Ne3 32. Bf3 Bxe4 33. Bxe4 d2 34. Bxh7+ Kh8 35. Bc2 Nxc2 36. Qxc2 Qg6 37. Qxg6 fxg6 38.
Rd1 Rd3 39. Rxd2 Rxd2+ 40. Bxd2 Rd8 41. Bxa5 Rd3 42. Bc3 Rd1 43. Kg2 Rb1 44. Kf3 Rxb3 45. Ke4 Kg8 46. g4 Kf7 47. f5 gxf5+ 48. gxf5 Rb1 49. e6+ Ke8 50. Bd2 Be7 51. Nc7+ Kd8 52. Nd5 Rd1 53. Ba5+ Ke8 54. Bc3 Bf8 55. a5 Rh1 56.
Nf4 Rc1 57. Nd5 Rh1 58. Bd2 Rxh3 59. Bg5 Bd6 60. Ne3 Rg3 61. Kd5 Be7 62. Bxe7 Kxe7 63. Ke4 Rh3 64. Nd5+ Kd6 65. e7 Rh4+ 66. Kf3 Kd7 67.
Kg3 Rd4 68. Kf3 Ke8 69. Ke3 Rxc4 70. Kd3 Ra4 71. Kc3 Rxa5 72. Nc7+ Kd7 73. Nd5 Ke8 74. Kc4 Kd7 75. Kb3 b5 76. Kc3 Ra6 77. e8=Q+ Kxe8 78. Nc7+ Kd7 79. Nxa6 Kc6 80. Nb8+ Kc7 81. Na6+ Kb6 82. Nb8 Kc7 83. Na6+ Kb6 84. Nb8 Kc7 1/2-1/2

[Event "*** Titled Tuesday Blitz"]
[Site "Chess.com"]
[Date "2021.02.16"]
[Round "9"]
[White "WonderChampion"]
[Black "Michaelson_11"]
[Result "1-0"]
[WhiteElo "2110"]
[BlackElo "2256"]
[TimeControl "180+1"]
[EndTime "11:50:12 PST"]
[Termination "WonderChampion won on time"]

1. d4 Nf6 2. Bg5 Ne4 3. Bf4 d5 4. Nd2 g6 5. Nxe4 dxe4 6. e3 Bg7 7.
Bc4 O-O 8. Ne2 c6 9. O-O Bg4 10.
h3 Bd7 11. c3 Qc8 12. Ng3 Bf5 13. Bb3 h6 14. Bc2 g5 15. Nxf5 Qxf5 16. Bg3 Qg6 17. f3 Nd7 18. Bxe4 f5 19. Bc2 Rae8 20.
d5 Nf6 21. dxc6 bxc6 22. Be5 Nd5 23. Bxg7 Kxg7 24. Qe2 e5 25. Rad1 Re7 26. Bb3 Nc7 27. Rd2 Rfe8 28. Rfd1 e4 29. f4 gxf4 30. exf4 Qg3 31.
Rf1 Ne6 32. Qf2 Qxf2+ 33. Rdxf2 e3 34. Re2 Nc5 35. Bc2 Kf6 36. Rd1 Re6 37. b4 Nb7 38. a4 Nd6 39. Bb3 Re4 40. Rxd6+ Ke7 41. Rxh6 Kd8 42.
Rxc6 Rxf4 43. Rd6+ Kc7 44. Rf6 Rfe4 45. Rxf5 Rd8 46.
Rf7+ Kb6 47. Kh2 Rd2 48. Rf6+ Kc7 49. Rxd2 e2 50. Rxe2 Rxe2 51. Rf7+ Kb6 52. Rf6+ Kb7 53. h4 Re4 54. h5 Rh4+ 55. Kg3 Rxh5 56. Rf8 Rg5+ 57.
Kf4 Rxg2 58. Rf7+ Kb6 59. Rf6+ Kc7 60. Bd5 Rf2+ 61. Ke5 Rc2 62. Rf7+ Kb6 63. c4 Re2+ 64. Kd4 a5 65. Rf6+ Ka7 66. b5 Ra2 67. Rf7+ Kb6 68. Rf6+ Kc7 69. Rf7+ Kb8 70. c5 Rd2+ 71. Ke5 Re2+ 72.
Kd6 Re8 73. Re7 Rd8+ 74. Rd7 Rh8 75. Rb7+ Kc8 76. Rc7+ Kb8 77. Rd7 Rh6+ 78. Be6 Rh4 79. Kc6 1-0

[Event "*** Titled Tuesday Blitz"]
[Site "Chess.com"]
[Date "2021.02.16"]
[Round "9"]
[White "Sibelephant"]
[Black "MITerryble"]
[Result "1-0"]
[WhiteElo "3033"]
[BlackElo "2930"]
[TimeControl "180+1"]
[EndTime "11:50:17 PST"]
[Termination "Sibelephant won on time"]

1. Nf3 Nf6 2. b3 d5 3. Bb2 c6 4.
g3 Bg4 5. Bg2 Nbd7 6. O-O e6 7. d3 Bd6 8. Nbd2 O-O 9. h3 Bh5 10. Qe1 Qe7 11. a3 Bxf3 12. Nxf3 e5 13.
e4 dxe4 14. dxe4 Nc5 15. Nd2 Rad8 16. Nc4 Bc7 17. a4 Rfe8 18. Ba3 b6 19. Qe3 Rd4 20. c3 Rd7 21. a5 Red8 22. axb6 axb6 23. Bxc5 bxc5 24. Ra7 Rd3 25. Qc1 h5 26. h4 Ng4 27.
Bh3 Nf6 28. Qg5 Rxc3 29. Ne3 Rxe3 30. fxe3 Rd6 31. Qf5 Rd8 32. Qf3 Qd6 33. g4 hxg4 34. Bxg4 c4 35. bxc4 Bb6 36. Rb7 Qc5 37. Bf5 Qxe3+ 38.
Qxe3 Bxe3+ 39. Kg2 Bf4 40. Rc7 g6 41. Rc8 Rxc8 42.
Bxc8 Nxe4 43. Rd1 Nd2 44. c5 Nb3 45. Bb7 Nxc5 46. Bxc6 Ne6 47. Bd5 Nd4 48. Rb1 Nf5 49. Kh3 Ne3 50. Ba2 Nf5 51. Rb7 Nh6 52. Bd5 Kg7 53. Be4 Kf6 54. Rb6+ Kg7 55. Bd5 Be3 56. Rb7 Bf4 57. Kg2 Kf6 58. Kf3 Kg7 59. Ke4 Bg3 60. Bc4 Bxh4 61. Kxe5 Bg3+ 62. Ke4 Kf6 63. Bb3 Kg7 64.
Kf3 Be5 65. Ke4 Bf6 66. Bd5 Bg5 67. Kd3 Bf6 68. Kc4 g5 69. Kd3 g4 70. Ke4 Bg5 71. Ke5 Kg6 72. Rb6+ f6+ 73. Ke4 Kh5 74. Be6 Kh4 75.
Rb1 Kg3 76. Rh1 Kg2 77. Rb1 g3 78. Rb2+ Kg1 79. Kf3 Kf1 80. Rb1+ 1-0

[Event "*** Titled Tuesday Blitz"]
[Site "Chess.com"]
[Date "2021.02.16"]
[Round "9"]
[White "ChessSwole"]
[Black "BabyBoss31"]
[Result "1/2-1/2"]
[WhiteElo "2519"]
[BlackElo "2332"]
[TimeControl "180+1"]
[EndTime "11:50:17 PST"]
[Termination "Game drawn by stalemate"]

1. b3 c6 2. Bb2 d5 3. e3 Nf6 4.
f4 g6 5. Nf3 Bg7 6. Be2 O-O 7.
O-O Nbd7 8. Ne5 Ne4 9. d3 Nd6 10. Nd2 Nf5 11. Rf3 Qb6 12. Nf1 Nxe5 13. Bxe5 Bxe5 14.
fxe5 Qc7 15. d4 f6 16. exf6 Rxf6 17. Bd3 Ng7 18. Rxf6 exf6 19. e4 dxe4 20. Bxe4 f5 21. Bd3 Be6 22. Qf3 Rd8 23. Qf2 Qb6 24. c3 Qa5 25.
Qd2 Bxb3 26. a3 Bf7 27. Qb2 b6 28. Re1 c5 29. Re7 cxd4 30. cxd4 Qd5 31. Rxa7 Qxd4+ 32. Qxd4 Rxd4 33. Bb5 Ne6 34. Rb7 Rd6 35. Bc4 Nd8 36.
Bxf7+ Nxf7 37. Ne3 Ne5 38. a4 f4 39. Re7 fxe3 40.
Kf1 Nc4 41. Re4 Rd1+ 42. Ke2 Rc1 43. Kd3 Nb2+ 44. Ke2 Rc2+ 45. Kxe3 Rxg2 46. Rb4 Rxh2 47. Kf3 Kg7 48. Kg3 Rc2 49. Rxb6 Nxa4 50. Rb7+ Kh6 51.
Rb4 Nc5 52. Rb5 Ne6 53. Kg4 Rc4+ 54. Kh3 g5 55. Rb6 Re4 56. Kg3 Kg6 57. Kf3 Re5 58.
Kg4 h5+ 59. Kg3 Kf5 60. Rb8 h4+ 61. Kf3 Nd4+ 62. Kg2 Kg4 63. Rb4 Re4 64. Rc4 h3+ 65. Kh2 Nf3+ 66. Kh1 Nd2 67. Rc1 Kf5 68. Rf1+ Ke5 69.
Rd1 Nc4 70. Rc1 g4 71. Ra1 g3 72. Rg1 Kf4 73. Rf1+ Kg4 74. Rg1 Re2 75. Ra1 Rh2+ 76. Kg1 Rg2+ 77. Kh1 Rc2 78. Rg1 Ne3 79. Ra1 Rh2+ 80.
Kg1 Rb2 81. Kh1 g2+ 82. Kh2 Nf5 83. Ra4+ Kg5 84. Ra1 Nh4 85. Kxh3 Rb3+ 86. Kh2 Rb2 87. Ra3 Kg4 88. Rg3+ Kf4 89. Rh3 Nf3+ 90. Rxf3+ Kxf3 91. Kg1 Rb1+ 92. Kh2 g1=N 93. Kh1 Ne2+ 94. Kh2 Nf4 1/2-1/2

[Event "*** Titled Tuesday Blitz"]
[Site "Chess.com"]
[Date "2021.02.16"]
[Round "9"]
[White "DamianoLew95"]
[Black "TC2304"]
[Result "1-0"]
[WhiteElo "2613"]
[BlackElo "2359"]
[TimeControl "180+1"]
[EndTime "11:50:19 PST"]
[Termination "DamianoLew95 won by resignation"]

1. e4 c5 2. Nf3 d6 3. d4 cxd4 4. Qxd4 Nf6 5. Nc3 Bd7 6. Bc4 Nc6 7. Qd3 Rc8 8. a3 Bg4 9. Bb3 e6 10. Bf4 Nh5 11. Bg5 Be7 12. Bxe7 Qxe7 13. Ne2 O-O 14. O-O-O Rfd8 15. h3 Bxf3 16. Qxf3 Qg5+ 17. Kb1 Ne5 18. h4 Qh6 19. Qh3 Nf4 20. Nxf4 Qxf4 21. f3 Nc4 22. Bxc4 Rxc4 23. Qh2 Qxh2 24. Rxh2 d5 25. exd5 Rc5 26. g3 Rcxd5 27. Rxd5 Rxd5 28. Kc1 Kf8 29. Re2 Ke7 30. Re3 Kd6 31. c4 Rd4 32. b3 a6 33. Kc2 b5 34.
Kc3 Rd1 35. cxb5 axb5 36. Kb4 Kc6 37. Ka5 Rc1 38. Kb4 Rd1 39. Re4 Rd3 40. Rf4 f6 41. h5 e5 42. Rg4 Rxf3 43. Rxg7 e4 44. Rxh7 e3 45. Re7 Rxg3 46. h6 Rg4+ 47. Kc3 Rh4 48. Kd3 Rxh6 49. Rxe3 f5 50. Re5 Rf6 51. Ke3 f4+ 52.
Kf3 Rd6 53. Kxf4 Rd3 54. Re3 Rd1 55. Ke4 Ra1 56. b4 Rc1 57. Kd4 Rd1+ 58. Rd3 Rh1 59. Kc3 Rh4 60. Rf3 Rc4+ 61. Kb3 Rh4 62. Rf6+ Kc7 63. Kc3 Rh3+ 64. Kd4 Rxa3 65. Kc5 Re3 66. Kxb5 Kb7 67. Rf7+ Kb8 68. Rf6 Re1 69. Kb6 Kc8 70.
Rf8+ Kd7 71. b5 Rb1 72. Ka6 Kc7 73. Rf7+ Kd6 74. Kb6 Ra1 75. Kb7 Rb1 76. b6 Rb2 77.
Rh7 Rb1 78. Rh6+ Kd7 79. Rh7+ Kd6 80. Rh6+ Kd7 81. Rh3 Rb2 82. Rd3+ Ke8 83. Ka7 Ra2+ 84. Kb8 Rb2 85. b7 Rb4 86. Ra3 Kd7 87. Ka8 Kc7 88. Rc3+ Kd6 89. b8=Q+ 1-0

[Event "*** Titled Tuesday Blitz"]
[Site "Chess.com"]
[Date "2021.02.16"]
[Round "9"]
[White "FairChess_on_YouTube"]
[Black "GM_Crest"]
[Result "1/2-1/2"]
[WhiteElo "2925"]
[BlackElo "2753"]
[TimeControl "180+1"]
[EndTime "11:50:20 PST"]
[Termination "Game drawn by stalemate"]

1. a4 a5 2. g3 d5 3. Bg2 Nf6 4. Nf3 c6 5. O-O Bg4 6. d3 Nbd7 7. Nbd2 e5 8. e4 dxe4 9. dxe4 Bc5 10. Qe1 O-O 11. h3 Bh5 12. b3 Re8 13. Bb2 b5 14. Kh1 Qb6 15. Nh4 Bd4 16. c3 Bc5 17. f4 exf4 18.
gxf4 Nd5 19. b4 axb4 20. a5 Qc7 21. cxb4 Nxb4 22. Nf5 Bf8 23. Nb3 Nd3 24. Qh4 Nxb2 25.
Qxh5 g6 26. Qg5 Qd8 27. Qg3 Nf6 28. e5 Nh5 29. Qg4 Qc8 30. Nfd4 Qxg4 31. hxg4 Ng3+ 32. Kh2 Nxf1+ 33. Rxf1 Ra7 34. Nxc6 Rc7 35. a6 Nc4 36. Ra1 g5 37. Nbd4 gxf4 38. Nxb5 Rd7 39. a7 Nb6 40.
Be4 Bg7 41. Kg2 Na8 42. Kf3 Bxe5 43. Nxe5 Rxe5 44. Bxa8 Rxb5 45. Bc6 Rb3+ 46. Kxf4 Rb4+ 47. Kg3 Rd3+ 48. Kh4 Rd8 49. a8=Q Rxa8 50. Rxa8+ Kg7 51. Kg3 Rc4 52. Bf3 Rc5 53. Ra6 Rc7 54. Kf4 Re7 55. Be4 h6 56. Ra5 Rc7 57. Rb5 Re7 58. Rb7 Re6 59.
Bf5 Rd6 60. Ke5 Ra6 61. Be4 Re6+ 62. Kf4 Rf6+ 63. Bf5 Ra6 64. Rc7 Rb6 65. Ra7 Rc6 66. Be4 Rf6+ 67. Ke5 Re6+ 68. Kf4 Rb6 69. Bd5 Rf6+ 70.
Ke5 Rf2 71. Bc4 Rf3 72. Rb7 Rf2 73. Bd5 Rf1 74. Rb4 Re1+ 75. Re4 Rf1 76. Rf4 Rxf4 77.
Kxf4 Kf6 78. Be4 Ke6 79. Bf5+ Kf6 80. Bd3 Ke6 81. Be4 Kf6 82. Bf5 Kg7 83. Ke5 f6+ 84.
Ke6 h5 85. gxh5 Kh8 86. Kxf6 Kg8 87. h6 Kh8 88. h7 1/2-1/2

[Event "*** Titled Tuesday Blitz"]
[Site "Chess.com"]
[Date "2021.02.16"]
[Round "9"]
[White "1977Ivan"]
[Black "Aradhya2000"]
[Result "1-0"]
[WhiteElo "2746"]
[BlackElo "2589"]
[TimeControl "180+1"]
[EndTime "11:50:27 PST"]
[Termination "1977Ivan won by checkmate"]

1. e4 e5 2. Nf3 Nc6 3. Bc4 Nf6 4.
d3 Bc5 5. c3 O-O 6. Nbd2 d5 7.
exd5 Nxd5 8. Ne4 Be7 9. O-O Bf5 10. Re1 Bg6 11. Ng3 Nb6 12. Bb5 f6 13. Nh4 Qd5 14. Qb3 Bf7 15. Nhf5 Qc5 16. Be3 Bxb3 17. Bxc5 Bxc5 18.
axb3 a6 19. Bxc6 bxc6 20. b4 Bd6 21. Ne4 Rfd8 22. Nexd6 cxd6 23. Ne7+ Kf7 24. Nxc6 Rdc8 25. Na5 d5 26. Nb3 d4 27. c4 Nxc4 28. dxc4 Rxc4 29.
b5 Rb4 30. Rxa6 Rc8 31. Na5 Rxb5 32. b3 Rc2 33. Kf1 Ra2 34. Ra7+ Ke6 35. b4 Rxb4 36.
Nc6 Rxa7 37. Nxb4 Rb7 38. Nd3 Kd5 39. f3 Ra7 40. Rc1 Ra3 41. Nf2 d3 42. Ke1 Kd4 43.
Ne4 f5 44. Nd2 Ra2 45. Rc4+ Kd5 46. Rc7 e4 47. fxe4+ fxe4 48. Re7 Ra1+ 49. Kf2 Rh1 50. Nxe4 Rxh2 51. Nd2 g6 52. Rd7+ Ke6 53. Rxd3 Rh5 54. Nf3 Rf5 55. Re3+ Kf6 56. g4 Ra5 57. Kg3 h5 58.
g5+ Kf5 59. Rd3 Ra4 60. Rd5+ Ke6 61. Re5+ Kf7 62. Rb5 Rg4+ 63. Kh3 Rf4 64. Nh4 Rg4 65. Rb7+ Ke6 66. Rb6+ Kf7 67. Rb5 Ke6 68. Nxg6 Rg1 69.
Nh4 Kd6 70. g6 Kc6 71. Rxh5 Rh1+ 72. Kg4 Rg1+ 73. Kf5 Kd6 74. Kf6 Rf1+ 75. Nf5+ Kd7 76. g7 Rg1 77. Rh8 Kc6 78. g8=Q Rxg8 79. Rxg8 Kd5 80.
Rd8+ Ke4 81. Rd4+ Kf3 82. Ke5 Ke2 83. Ng3+ Kf3 84. Nf5 Ke2 85. Ke4 Kf2 86. Rd2+ Ke1 87. Ke3 Kf1 88. Kf3 Kg1 89. Rg2+ Kf1 90. Ne3+ Ke1 91.
Re2# 1-0